 Dungeon Crawl Stone Soup version 0.28.0 (webtiles) character file.

Game seed: 1173005594675516553

53 Aneyh the Covered (level 3, -11/23 HPs)
             Began as a Tengu Fighter on Feb 15, 2022.
             Killed by divine providence
             ... invoked by an orc priest
              (16 damage)
             ... on level 4 of the Dungeon.
             The game lasted 00:04:23 (1741 turns).

Aneyh the Covered (Tengu Fighter)                   Turns: 1741, Time: 00:04:24

Health: -11/23     AC: 13    Str: 18    XL:     3   Next: 89%
Magic:  4/4        EV:  5    Int:  8    God:
Gold:   53         SH:  5    Dex: 13    Spells: 2/2 levels left

rFire   . . .      SeeInvis .   a - +0 long sword
rCold   . . .      Faith    .   c - +0 buckler
rNeg    . . .      Spirit   .   h - +0 plate armour
rPois   .          Reflect  .   (helmet restricted)
rElec   .          Harm     .   j - +0 cloak
rCorr   .          Rampage  .   (no gloves)
Will    .....                   (boots unavailable)
Stlth   ..........              (no amulet)
HPRegen 0.07/turn               (no ring)
MPRegen 0.09/turn               (no ring)

@: no status effects
A: beak, talons 3
a: no special abilities


You were on level 4 of the Dungeon.
You visited 1 branch of the dungeon, and saw 4 of its levels.

You collected 53 gold pieces.

Inventory:

Hand Weapons
 a - a +0 long sword (weapon)
Missiles
 k - an atropa-tipped dart (quivered)
 o - 22 bolts
Armour
 b - a +0 scale mail
 c - a +0 buckler (worn)
 h - a +0 plate armour (worn)
 j - a +0 cloak (worn)
 p - a +0 leather armour
Scrolls
 e - a scroll of holy word {unknown}
 f - a scroll of brand weapon {unknown}
 g - a scroll of identify {unknown}
 l - a scroll of immolation {unknown}
 m - a scroll of blinking {unknown}
Potions
 d - a potion of might
 i - a potion of ambrosia {unknown}
 n - a potion of haste {unknown}


   Skills:
 + Level 3.2 Fighting
 + Level 3.0 Long Blades
 + Level 4.1 Armour
 + Level 3.4 Shields


You had 2 spell levels left.
You didn't know any spells.
Your spell library contained the following spells:

 Spells                   Type           Power      Damage    Failure   Level
 Summon Small Mammal      Summ           0%         N/A       100%        1
 Call Canine Familiar     Summ           0%         N/A       100%        3
 Summon Guardian Golem    Hex/Summ       0%         N/A       100%        3


Dungeon Overview and Level Annotations

Branches:
Dungeon (5/15)
 Temple: D:4-7

Altars:

Shops:
D:4 ?


Innate Abilities, Weirdness & Mutations

You have a beak for a mouth.
You have claws for feet.


Message History

You see here a +0 leather armour.
p - a +0 leather armour
Found a stone staircase leading down.
An ogre comes into view. It is wielding a +0 giant club.
The ogre shouts!
Unknown command.
There is a stone staircase leading up here.
You climb upwards.
The hobgoblin hits you but does no damage.
There is a stone staircase leading down here.
You hit the hobgoblin but do no damage. The hobgoblin closely misses you.
Found 2 large rocks.
The hobgoblin hits you but does no damage.
The orc enters a dispersal trap!
The orc priest blinks!
The goblin blinks!
The hobgoblin blinks!
The endoplasm blinks!
You blink.
The orc blinks!
The hobgoblin enters a dispersal trap!
The orc priest blinks!
The orc blinks!
The goblin blinks!
The orc wizard blinks!
The orc blinks!
You blink.
The hobgoblin blinks!
The orc wizard hits you but does no damage.
The orc wizard gestures wildly while chanting.
The orc wizard flickers and vanishes!
Deactivating autopickup; reactivate with Ctrl-A.
The orc priest calls down the wrath of Beogh upon you.
You barely resist. The endoplasm freezes you.
You are frozen.
You block the endoplasm's attack.
The adder hisses angrily.
The orc priest miscasts a cantrip.
The orc priest calls down the wrath of Beogh upon you.
Beogh smites you!
Ouch! That really hurt!
Found a stone staircase leading up.
The endoplasm freezes you.
You are frozen.
* * * LOW HITPOINT WARNING * * *
The orc priest mumbles some strange prayers to Beogh against you.
Beogh smites you!
Ouch! That really hurt!
You die...

### ##.## # #.@.## #
#....## ### ######
##J....# ..###
#....###...##.....
.##.###....##.S...#.##..
.....#....#.......#.#...
...#...#.##.....#.#...
####...#..o.....#...###
...............##......


You could see an orc priest, an adder and an endoplasm.

Vanquished Creatures
  An adder (D:2)
  A worm (D:2)
  A dart slug (D:2)
  3 endoplasms (D:1)
  A giant cockroach (D:1)
  4 goblins
  3 hobgoblins
  7 jackals (D:1)
  A quokka (D:1)
  2 ball pythons (D:1)
  6 bats
  2 kobolds (D:1)
  2 rats
34 creatures vanquished.

Notes
Turn   | Place    | Note
-------+----------+-------------------------------------------
     0 | D:1      | Aneyh the Tengu Fighter began the quest for the Orb.
     0 | D:1      | Reached XP level 1. HP: 14/14 MP: 2/2
   228 | D:1      | Reached XP level 2. HP: 15/19 MP: 3/3
   651 | D:1      | Reached XP level 3. HP: 22/23 MP: 4/4
   897 | D:1      | Found a faded altar of an unknown god.
  1332 | D:2      | Reached skill level 4 in Armour
  1425 | D:2      | You fall into a shaft and drop 2 floors!
  1435 | D:4      | Found Wadwiv's Magic Scroll Shop.
  1443 | D:5      | Entered Level 5 of the Dungeon
  1659 | D:5      | Noticed an ogre
  1741 | D:4      | Killed from afar by an orc priest

Illustrated notes

Levels and vault maps discovered:
D:1:      saegor_arrival_simple_e, layout_basic, basic_ecumenical_altar,
          minmay_misc_feat_tiny, kennysheep_minor_cross
D:2:      wad_crossroads, layout_loops_ring, minmay_vboxes, uniq_jessica
D:4:      layout_cave_pools, yredelemnul_altar_generic,
          makhleb_blood_cavern_becter, serial_shops, nicolae_shop_hallway_plus
D:5:      layout_basic, serial_shops, shop, nicolae_shop_clearance, uniq_ijyb

Skill      XL: |  1  2  3 |
---------------+----------+-----
Armour         | 4 |  4.1
Long Blades    | 3 |  3.0
Fighting       | |  3.2
Shields        | |  3.4

Action                   || total
-------------------------++-------
Melee: Long sword        ||    79
       Kick              ||    20
       Peck              ||     4
Throw: Dart              ||     2
Armor: Scale mail        ||    25
       Plate armour      ||    30
Dodge: Dodged            ||    34
Block: Buckler           ||    22
